 Dungeon Crawl Stone Soup version 0.27.0-1-g7a089689b8 (webtiles) character file.

Game seed: 9780488451709123256

73 Araneus the Sneak (level 4, 0/29 HPs)
             Began as an Octopode Brigand on Aug 3, 2021.
             Slain by a water moccasin (7 damage)
             ... on level 3 of the Dungeon.
             The game lasted 00:06:54 (2444 turns).

Araneus the Sneak (Octopode Brigand)                Turns: 2444, Time: 00:06:55

Health: 0/29       AC:  1    Str: 10    XL:     4   Next: 27%
Magic:  4/4        EV: 13    Int: 13    God:
Gold:   90         SH:  0    Dex: 14    Spells: 1/3 levels left

rFire    . . .     SeeInvis .   a - +2 dagger
rCold    . . .     Faith    .   (no shield)
rNeg     . . .     Spirit   .   (helmet restricted)
rPois    .         Reflect  .   (no amulet)
rElec    .         Harm     .   (no ring)
rCorr    .         Rampage  .   (no ring)
Will     .....                  (no ring)
Stlth    ++++......             (no ring)
HPRegen  0.09/turn              (no ring)
MPRegen  0.09/turn              (no ring)
                                (no ring)
                                (no ring)

@: no status effects
A: almost no armour, amphibious, 8 rings, camouflage 1, gelatinous body 1,
(nimble swimmer 1), tentacles
a: no special abilities


You were on level 3 of the Dungeon.
You visited 1 branch of the dungeon, and saw 3 of its levels.

You collected 109 gold pieces.
You spent 19 gold pieces at shops.

Inventory:

Hand Weapons
 a - a +2 dagger (weapon)
 f - a +0 short sword
Missiles
 b - 8 poisoned darts (quivered)
Scrolls
 g - a scroll of blinking {unknown}
 h - 2 scrolls of identify
Potions
 d - a potion of brilliance


   Skills:
 - Level 2.0 Fighting
 + Level 3.8 Short Blades
 - Level 2.0 Throwing
 + Level 2.3 Dodging
 - Level 5.3 Stealth


You had one spell level left.
You knew the following spells:

 Your Spells              Type           Power      Damage    Failure   Level
a - Wereblood             Tmut           0%         N/A       43%         2

Your spell library contained the following spells:

 Spells                   Type           Power      Damage    Failure   Level
 Animate Skeleton         Necr           0%         N/A       30%         1
 Pain                     Necr           0%         1d4       30%         1
 Sublimation of Blood     Necr           0%         N/A       43%         2
 Vampiric Draining        Necr           0%         2d6       67%         3
 Animate Dead             Necr           0%         N/A       97%         4
 Haunt                    Necr/Summ      0%         N/A       100%        7
 Summon Hydra             Summ           0%         N/A       100%        7
 Infestation              Necr           0%         N/A       100%        8


Dungeon Overview and Level Annotations

Branches:
Dungeon (3/15)

Altars:

Shops:
D:2 [*[


Innate Abilities, Weirdness & Mutations

You cannot wear most types of armour.
You are amphibious.
You can wear up to eight rings at the same time.
Your skin changes colour to match your surroundings (Stealth+).
Your rubbery body absorbs attacks. (AC +1, EV +1)
((You are camouflaged near water. (Stealth+)))
You have tentacles for arms and can constrict up to eight enemies at once.


Message History

The ball python is moderately wounded.
The ball python misses you. x2
A water moccasin comes into view.
The ball python barely misses you. x2
The water moccasin hisses angrily.
You hit the ball python. Your grab misses the ball python.
The ball python is severely wounded.
You hit the ball python but do no damage.
You grab the ball python. You squeeze the ball python.
You kill the ball python!
An orc comes into view. It is wielding a +0 hand axe.
The water moccasin bites you.
You are poisoned.
The water moccasin poisons you!
Throw: 2 darts (curare)
Press: ? - help, Shift-Dir - straight line, f - water moccasin
Aim: a water moccasin (42% to hit)
You throw a curare-tipped dart.
The curare-tipped dart hits the water moccasin.
You feel very sick. The water moccasin barely misses you.
It was a potion of heal wounds.
You feel much better.
You feel sick. The water moccasin bites you!
Throw: dart (curare)
Press: ? - help, Shift-Dir - straight line, f/p - water moccasin
Aim: a water moccasin (42% to hit)
You throw a curare-tipped dart.
The curare-tipped dart misses the water moccasin.
You feel sick. The water moccasin bites you. The orc barely misses you.
The water moccasin closely misses you.
You feel sick.
You feel sick.
You feel sick. The water moccasin misses you.
You feel sick. The water moccasin closely misses you.
You feel sick.
You feel sick.
You are no longer poisoned.
The water moccasin bites you but does no damage.
The water moccasin bites you!
You die...

##...(#.## ##...#.#..# ##...##
#..##### #...## .......
.......########..### ##.......
.................#.)##........
.......>........o#.##.........
........########S#†#†#.....###
........## #@#..##.....###
.........# #.#.##.........
.........# #..###.........
.....<...# #.###..........
.........# #######..........
.###.....# #.....)..........
...#.....# #.###############
.#.#.....# #.# .. .#<#.....#
#.# ##### ..


You could see a water moccasin and an orc.

Vanquished Creatures
  An adder (D:3)
  A worm (D:2)
  3 endoplasms
  6 giant cockroaches
  8 goblins
  5 hobgoblins
  3 jackals (D:2)
  4 kobolds
  A quokka (D:2)
  10 ball pythons
  7 bats
  4 frilled lizards
  2 rats
55 creatures vanquished.

Notes
Turn   | Place    | Note
-------+----------+-------------------------------------------
     0 | D:1      | Araneus the Octopode Brigand began the quest for the Orb.
     0 | D:1      | Reached XP level 1. HP: 14/14 MP: 1/1
   374 | D:1      | Found a faded altar of an unknown god.
   379 | D:1      | Reached XP level 2. HP: 19/19 MP: 2/2
  1034 | D:2      | Reached XP level 3. HP: 24/24 MP: 3/3
  1088 | D:2      | Found Joer's Antique Armour Emporium.
  1375 | D:2      | Found Nuhi's Assorted Antiques.
  1381 | D:2      | Bought a scroll labelled USIZXO GOEL for 19 gold pieces
  1642 | D:2      | Found Sicui's Armour Emporium.
  2071 | D:3      | Got the Disquisition on Stolen Souls
  2075 | D:3      | Learned a level 2 spell: Wereblood
  2174 | D:3      | Reached XP level 4. HP: 29/29 MP: 4/4
  2431 | D:3      | Noticed a water moccasin
  2444 | D:3      | Slain by a water moccasin

Illustrated notes

Levels and vault maps discovered:
D:1:      nzn_arrival_depleted_hourglass, layout_basic,
          shapermc_ecumenical_altar_pompeii
D:2:      kennysheep_big_flooded_room, layout_basic, serial_shops, shop,
          shop_statue, shop_fountains, minmay_indecisive_spiral
D:3:      layout_basic, minmay_cut_off

Skill      XL: |  1  2  3 |
---------------+----------+-----
Short Blades   | 3 |  3.8
Dodging        | 2 |  2.3
Fighting       | |  2.0
Throwing       | |  2.0
Stealth        | |  5.3

Action                   |  1- 3 |  4- 6 || total
-------------------------+-------+-------++-------
Melee: Dagger            |    90 |    17 ||   107
       Constrict         |    21 |     7 ||    28
       Tentacles         |    14 |     6 ||    20
Throw: Dart              |       |     2 ||     2
  Use: Scroll            |     3 |       ||     3
       Potion            |       |     1 ||     1
 Stab: Sleeping          |    14 |       ||    14
       Distracted        |     1 |       ||     1
Armor: Skin              |     9 |     2 ||    11
Dodge: Dodged            |    49 |    15 ||    64
